 Dungeon Crawl Stone Soup version 0.25.0-11-g1f837a76a1 (webtiles) character file.

Game seed: 17192588330970624540

159 Flugkiller the Vexing (level 5, -3/24 HPs)
             Began as a Spriggan Enchanter on June 26, 2020.
             Was an Initiate of Dithmenos.
             Killed by divine providence
             ... invoked by an orc priest
              (10 damage)
             ... on level 6 of the Dungeon.
             The game lasted 00:06:11 (2609 turns).

Flugkiller the Vexing (Spriggan Enchanter)          Turns: 2609, Time: 00:06:12

Health: -3/24      AC:  4    Str:  4    XL:     5   Next: 17%
Magic:  4/12       EV: 18    Int: 17    God:    Dithmenos [......]
Gold:   78         SH:  0    Dex: 17    Spells: 9/12 levels left

rFire    + . .     SeeInvis +   a - +1 dagger
rCold    + . .     Gourm    .   (shield restricted)
rNeg     . . .     Faith    .   c - +2 robe {rC+ rF+}
rPois    .         Spirit   .   (helmet restricted)
rElec    .         Reflect  .   (no cloak)
rCorr    .         Harm     .   (gloves unavailable)
MR       .....                  (boots unavailable)
Stlth    ..........             (no amulet)
HPRegen  0.08/turn              h - ring of attention (curse)
MPRegen  0.13/turn              (no ring)

@: confused, berserk cooldown, slowed, quick
A: very small, unfitting armour, see invisible, herbivore, speed 3, slow
metabolism 2
a: Renounce Religion


You were on level 6 of the Dungeon.
You worshipped Dithmenos.
Dithmenos was noncommittal.
You were hungry.

You visited 1 branch of the dungeon, and saw 4 of its levels.

You collected 78 gold pieces.

Inventory:

Hand Weapons
 a - a +1 dagger (weapon)
 j - a +0 quarterstaff of speed
   (You found it on level 6 of the Dungeon)
Armour
 c - a +2 robe of resistance (worn)
   (You took it off Jessica on level 2 of the Dungeon)
Jewellery
 h - a cursed ring of attention (left hand)
   (You found it on level 3 of the Dungeon)
Scrolls
 e - a scroll of identify
 g - a scroll of magic mapping
Potions
 b - a potion of berserk rage
 f - a potion of mutation
Comestibles
 d - 3 rations


   Skills:
 - Level 1.1 Short Blades
 - Level 3.0 Dodging
 - Level 5.4 Stealth
 - Level 4.0 Spellcasting
 * Level 6.0 Hexes


You had 9 spell levels left.
You knew the following spells:

 Your Spells              Type           Power        Failure   Level  Hunger
a - Corona                Hex            ###....      1%          1    None
b - Ensorcelled Hibernat  Hex/Ice        ##....       7%          2    ##.....

Your spell library contained the following spells:

 Spells                   Type           Power        Failure   Level  Hunger
 Confusing Touch          Hex            ###.....     4%          3    ###....
 Tukima's Dance           Hex            ###.....     4%          3    ###....
 Dazzling Flash           Conj/Hex       ##....       14%         3    ###....


Dungeon Overview and Level Annotations

Branches:
Dungeon (3/15)

Altars:
Dithmenos

Annotations:
D:2 exclusions: leopard gecko and rat


Innate Abilities, Weirdness & Mutations

You are very small and have problems with some larger weapons.
You are too small for most types of armour.
You have supernaturally acute eyesight. (SInv)
You are a herbivore.
You cover ground extremely quickly.
You need to consume almost no food.


Message History

You are no longer berserk.
You are exhausted.
You feel yourself slow down.
The orc shouts!
An orc priest comes into view. It is wielding a +0 club.
You barely miss the orc wizard.
The orc wizard gestures at you while chanting.
You easily resist.
The orc priest shouts!
Unknown command.
Things that are here:
a +2 dagger of electrocution; a +0 robe; an orc corpse Unknown command.
The orc wizard gestures at you while chanting.
The puff of flame misses you.
The orc wizard gestures wildly while chanting.
The orc wizard flickers and vanishes for a moment.
It was a potion of curing.
You feel better.
Unknown command.
Unknown command.
Okay, then.
Casting: Ensorcelled Hibernation (safe; 7% risk of failure)
Confirm with . or Enter, or press ? or * to list all spells.
Aiming: Ensorcelled Hibernation (safe; 7% risk of failure)
Press: ? - help, Shift-Dir - straight line, f - orc wizard
Aim: an orc wizard, wielding a +0 dagger and wearing a +0 robe (slightly transparent, chance to defeat MR: 44%)
The orc wizard resists with some effort.
Casting: Ensorcelled Hibernation (safe; 7% risk of failure)
Confirm with . or Enter, or press ? or * to list all spells.
Aiming: Ensorcelled Hibernation (safe; 7% risk of failure)
Press: ? - help, Shift-Dir - straight line, f/p - orc wizard
Aim: an orc wizard, wielding a +0 dagger and wearing a +0 robe (slightly transparent, chance to defeat MR: 44%)
The orc wizard resists with some effort.
You are feeling hungry.
The orc wizard barely misses you.
The orc wizard points at you and mumbles some strange words.
The magic dart hits you!
The orc shouts!
The orc wizard gestures at you while chanting.
You are confused.
Unknown command.
Unknown command.
Unknown command.
You bump into the rock wall.
The orc priest calls down the wrath of Beogh upon you.
Beogh smites you!
* * * LOW HITPOINT WARNING * * *
The orc priest mumbles some strange prayers to Beogh against you.
Beogh smites you!
You die...

#########
#...o...#
######.#####.#
###......#####o#
............##.#
##.###.#.#...#.#
#...#.#.o@#
###..)..o...#
+....######.#
###..# #.# #..#
#)# #.## #.# ..
###.# ... #...#
.o. #†###


You could see an orc priest, an orc wizard (invisible) and an orc.

Vanquished Creatures
  A bullfrog (D:6)
  Jessica (D:2)
  An orc wizard (D:6)
  2 adders (D:3)
  An ooze (D:1)
  A leopard gecko (D:2)
  An orc (D:6)
  A ball python (D:1)
  3 bats
  A giant cockroach (D:3)
  3 goblins
  3 jackals (D:2)
  A frilled lizard (D:3)
  3 kobolds
23 creatures vanquished.

Notes
Turn   | Place    | Note
-------+----------+-------------------------------------------
     0 | D:1      | Flugkiller the Spriggan Enchanter began the quest for the
                  | Orb.
     0 | D:1      | Reached XP level 1. HP: 9/9 MP: 5/5
    73 | D:1      | Reached skill level 5 in Stealth
   894 | D:1      | Reached XP level 2. HP: 2/13 MP: 3/6
  1178 | D:2      | Learned a level 2 spell: Ensorcelled Hibernation
  1722 | D:3      | Reached skill level 4 in Hexes
  1820 | D:3      | Reached XP level 3. HP: 16/16 MP: 6/8
  1953 | D:2      | Noticed Jessica
  1978 | D:2      | Killed Jessica
  2428 | D:3      | Reached XP level 4. HP: 19/21 MP: 7/10
  2436 | D:3      | Noticed a necrophage
  2446 | D:3      | Found a shadowy altar of Dithmenos.
  2454 | D:3      | Became a worshipper of Dithmenos the Shadowed
  2503 | D:3      | You fall into a shaft and drop 3 floors!
  2551 | D:6      | Noticed a bullfrog
  2557 | D:6      | Killed a bullfrog
  2557 | D:6      | Reached skill level 5 in Hexes
  2578 | D:6      | Reached skill level 6 in Hexes
  2578 | D:6      | Reached XP level 5. HP: 24/24 MP: 4/12
  2609 | D:6      | Killed from afar by an orc priest

Illustrated notes

Levels and vault maps discovered:
D:1:      minmay_arrival_stone_box, layout_loops_corners,
          chequers_decorated_corner, minmay_misc_feat_cross, minmay_ruptured
D:2:      layout_basic, serial_forest, infiniplex_forest_zigzag_1,
          infiniplex_forest_zigzag_1, infiniplex_forest_clump_tiny,
          infiniplex_forest_lined_room_3, infiniplex_forest_lined_room_2,
          infiniplex_forest_clump_medium, infiniplex_forest_clump_long,
          infiniplex_forest_straight_3, infiniplex_forest_clump_cross,
          first_ration, minmay_divided_ellipse, uniq_jessica
D:3:      layout_basic, grunt_dithmenos_smoke
D:6:      layout_loops_cross, grunt_temple_overflow_holy_war,
          lemuel_doored_altar, minmay_temple_entry_ruins, enter_ossuary_4,
          portal_sewer_entry_b, uniq_sigmund

Skill      XL: |  1  2  3  4 |
---------------+-------------+-----
Stealth        | 5 |  5.4
Spellcasting   | 3 4 |  4.0
Hexes          | 4 6 |  6.0
Short Blades   | |  1.1
Dodging        | |  3.0

Action                   |  1- 3 |  4- 6 || total
-------------------------+-------+-------++-------
Melee: Dagger            |    98 |     8 ||   106
 Cast: Corona            |     9 |       ||     9
       Ensorcelled Hiber |    10 |     8 ||    18
  Use: Scroll            |     3 |       ||     3
       Potion            |       |     2 ||     2
 Stab: Sleeping          |    11 |     3 ||    14
Armor: Robe              |    13 |       ||    13
Dodge: Dodged            |   113 |     4 ||   117
